 Dungeon Crawl Stone Soup version 0.31.0-32-g396128a36d (webtiles) character file.

Game seed: 15444916159727394326

4709 FexLirch the Cleaver (level 10, 0/96 (120) HPs)
             Began as a Formicid Fighter on Mar 15, 2024.
             Was a Believer of Okawaru.
             Slain by a soul eater (7 damage)
             ... on level 8 of the Dungeon.
             The game lasted 00:23:56 (7962 turns).

FexLirch the Cleaver (Formicid Fighter)             Turns: 7962, Time: 00:23:57

HP:   0/96 (120)    AC: 25    Str: 25    XL:     10   Next: 73%
MP:   0/11          EV:  2    Int: 14    God:    Okawaru [**....]
Gold: 311           SH:  6    Dex: 11    Spells: 9/9 levels left

rFire   . . .        B - +2 war axe (freeze)
rCold   . . .        c - +0 buckler
rNeg    . . .        I - melded +0 plate armour
rPois   +            (helmet unavailable)
rElec   .            (cloak currently unavailable)
rCorr   .            y - melded +0 pair of gloves
SInv    .            (boots currently unavailable)
Will    +....        p - amulet of guardian spirit
Stlth   +            q - +6 ring of intelligence
HPRegen 0.36/turn    d - ring of wizardry
MPRegen 0.12/turn

%: guardian spirit, wizardry (x1)
@: tree-form (expiring), attractive, heavily drained
A: stationary, stasis, torment immunity, boosted hp, permanent stasis, dig
shafts and tunnels, (antennae 3), four strong arms, clumsy 1
a: Renounce Religion, Heroism


You were on level 8 of the Dungeon.
You worshipped Okawaru.
Okawaru was pleased with you.
You were a tree.
You visited 2 branches of the dungeon, and saw 10 of its levels.
You also visited: Sewer.

You collected 311 gold pieces.

Inventory:

Hand Weapons
 a - a +0 war axe
 s - a +0 sling
 u - a +0 trident
 B - a +2 war axe of freezing (weapon)
Missiles
 i - 62 stones
 o - 4 poisoned darts
 E - 6 atropa-tipped darts
 K - 4 javelins (quivered)
Armour
 b - a +1 scale mail
 c - a +0 buckler (worn)
 y - a +0 pair of gloves (melded)
 z - a +0 chain mail
 I - a +0 plate armour (melded)
Jewellery
 d - a ring of wizardry (right branch)
 l - a ring of ice
 p - an amulet of guardian spirit (around neck)
 q - a +6 ring of intelligence (left branch)
Wands
 F - a wand of flame (21)
 H - a wand of roots (14)
Scrolls
 f - 2 scrolls of vulnerability
 h - 3 scrolls of teleportation
 j - 2 scrolls of identify {unknown}
 n - 2 scrolls of noise
 t - 3 scrolls of enchant armour
 w - 4 scrolls of fear
 G - a scroll of blinking
 L - a scroll of butterflies {unknown}
Potions
 e - a potion of lignification
 g - a potion of brilliance {unknown}
 k - 2 potions of enlightenment
 v - a potion of cancellation {unknown}
 x - a potion of berserk rage {unknown}
 A - a potion of mutation
 C - a potion of attraction
 D - a potion of heal wounds {unknown}
 J - a potion of resistance {unknown}
 M - a potion of degeneration {unknown}


   Skills:
 + Level 7.9 Fighting
 * Level 9.4 Axes
 + Level 3.3 Throwing
 + Level 7.8 Armour
 + Level 9.4 Shields
 + Level 2.0 Invocations


You had 9 spell levels left.
You didn't know any spells.
Your spell library contained the following spells:

 Spells                   Type           Power      Damage    Failure   Level
 Ensorcelled Hibernation  Hex/Ice        0%         N/A       19%         2
 Mercury Vapours          Alch/Air       0%         N/A       19%         2
 Scorch                   Fire           0%         2d5       19%         2
 Fugue of the Fallen      Necr           0%         N/A       34%         3
 Mephitic Cloud           Conj/Alch/Air  0%         N/A       34%         3
 Anguish                  Hex/Necr       0%         N/A       75%         4
 Cause Fear               Hex            0%         N/A       75%         4
 Flame Wave               Conj/Fire      0%         2d4       75%         4
 Freezing Cloud           Conj/Ice/Air   0%         6-21      96%         5
 Enfeeble                 Hex            0%         N/A       100%        7
 Summon Cactus Giant      Summ           Unusable   N/A       N/A         6

Dungeon Overview and Level Annotations

Branches:
Dungeon (9/15)             Temple (1/1) D:6           Sewer (visited)
   Lair: D:8-11         Orc: D:9-12

Altars:
Ashenzari
Cheibriados
Dithmenos
Elyvilon
Fedhas
Gozag
Hepliaklqana
Kikubaaqudgha
Makhleb
Okawaru
Qazlal
Ru
Sif Muna
Trog
Uskayaw
Vehumet
Wu Jian
Xom
Yredelemnul
Zin

Shops:
D:6 ?

Portals:
Abyss: D:7

Annotations:
D:7 2 transporters, zeteo's ghost, novice TrFi


Innate Abilities, Weirdness & Mutations

You are a tree.
Your roots penetrate the ground, keeping you stationary.
You cannot be teleported.
You are immune to unholy pain and torment.
Your maximum health is greatly increased.
Your equipment is partially melded.
You cannot be hasted, slowed, berserked, paralysed or teleported.
You can dig through walls and to a lower floor.
((You have a pair of large antennae on your head. (SInv)))
Your four strong arms can wield two-handed weapons with a shield.
You are clumsy. (Dex -2)


Message History

You feel drained.
* * * LOW HITPOINT WARNING * * *
You hit the soul eater but do no damage.
The soul eater hits you.
You slash the soul eater! You freeze the soul eater.
The soul eater is moderately wounded.
The soul eater completely misses you.
You hit the soul eater but do no damage.
The soul eater is moderately wounded.
You slice the soul eater!! You freeze the soul eater.
The soul eater is severely wounded.
The soul eater hits you.
* * * LOW HITPOINT WARNING * * *
You feel drained.
* * * LOW HITPOINT WARNING * * *
You closely miss the soul eater.
The soul eater is severely wounded.
Your transformation is almost over.
The soul eater hits you!
* * * LOW HITPOINT WARNING * * *
You feel drained.
* * * LOW HITPOINT WARNING * * *
You feel better. The soul eater hits you!
* * * LOW HITPOINT WARNING * * *
You feel better. The soul eater hits you.
* * * LOW HITPOINT WARNING * * *
You feel drained.
* * * LOW HITPOINT WARNING * * *
You barely miss the soul eater.
The soul eater is heavily wounded.
You feel like a meek peon again. The soul eater hits you!
* * * LOW HITPOINT WARNING * * *
You feel better. The soul eater hits you.
* * * LOW HITPOINT WARNING * * *
You feel drained.
You hit the soul eater but do no damage.
The soul eater is heavily wounded.
The soul eater hits you!
You die...

#.#######.#
#.#.......# ###
#.#.####### #<#
#.#.# #.# #.#.# #.#
#.#.# #.# #.#.#
#####.#######.#.##
...............[♣###
#####.#######.#))3.#
#####.# #.##.#.#
......# #....#.#
......##########.#.#
......#.......##.#.#
......#.##....##.#.#
......#..#.#####.#.#
......#..#.#####.#.#


You could see a soul eater.

Vanquished Creatures
  A red devil (D:9)
  Grinder (D:5)
  Sigmund (D:4)
  A steam dragon (D:8)
  A water moccasin (D:4)
  Duvessa (D:5)
  An orc warrior (D:9)
  2 ice beasts
  4 black bears
  5 sky beasts
  An ogre (D:4)
  2 centaurs
  A phantom (D:7)
  A kobold brigand (D:4)
  4 bullfrogs
  A scorpion (D:5)
  9 wights
  Dowan (D:5)
  12 killer bees
  An electric eel (D:6)
  2 bombardier beetles
  3 jellies
  5 hounds
  A gnoll bouda (D:8)
  2 orc priests
  4 iguanas
  2 orc wizards
  Ijyb (D:5)
  A hell rat (Sewer)
  A sleepcap (D:6)
  4 gnolls
  9 adders
  A river rat (Sewer)
  A shadow imp (D:6)
  A white imp (D:6)
  3 dart slugs
  A ribbon worm (D:2)
  15 orcs
  10 ball pythons
  12 endoplasms
  6 giant cockroaches
  4 goblins
  11 hobgoblins
  19 jackals
  9 quokkas
  5 bats
  12 frilled lizards
  8 kobolds
  12 rats
216 creatures vanquished.

Notes
Turn   | Place    | Note
-------+----------+-------------------------------------------
     0 | D:1      | FexLirch the Formicid Fighter began the quest for the Orb.
     0 | D:1      | Reached XP level 1. HP: 18/18 MP: 1/1
   343 | D:1      | Reached XP level 2. HP: 16/24 MP: 2/2
   452 | D:1      | Reached XP level 3. HP: 26/29 MP: 3/3
  1052 | D:2      | Reached XP level 4. HP: 37/37 MP: 4/4
  1298 | D:2      | Reached XP level 5. HP: 34/42 MP: 5/5
  1611 | D:3      | Found a shimmering altar of Xom.
  1724 | D:3      | Found a glowing drain.
  1760 | Sewer    | Entered a sewer
  1832 | Sewer    | Reached skill level 5 in Shields
  1958 | D:3      | Found a shadowy altar of Dithmenos.
  2564 | D:4      | Reached XP level 6. HP: 43/48 MP: 6/6
  2646 | D:4      | Noticed Sigmund
  2738 | D:4      | Noticed a sky beast
  2738 | D:4      | Noticed an ogre
  2738 | D:4      | Found a stormy altar of Qazlal.
  2745 | D:4      | Killed an ogre
  2747 | D:4      | Killed a sky beast
  2748 | D:4      | Reached XP level 7. HP: 31/55 MP: 3/7
  3113 | D:4      | Reached skill level 5 in Axes
  3128 | D:4      | Killed Sigmund
  3129 | D:4      | Reached skill level 5 in Fighting
  3129 | D:4      | Reached skill level 5 in Armour
  3129 | D:4      | Reached XP level 8. HP: 48/62 MP: 5/8
  3690 | D:5      | Entered Level 5 of the Dungeon
  3690 | D:5      | Noticed Duvessa
  3690 | D:5      | Noticed Dowan
  3964 | D:5      | Noticed Grinder
  4206 | D:5      | Killed Duvessa
  4206 | D:5      | Killed Dowan
  4207 | D:5      | Reached XP level 9. HP: 48/69 MP: 6/9
  4238 | D:5      | Killed Grinder
  4526 | D:5      | Noticed Ijyb
  4549 | D:5      | Killed Ijyb
  4820 | D:6      | Found a staircase to the Ecumenical Temple.
  4848 | Temple   | Entered the Ecumenical Temple
  4855 | Temple   | Became a worshipper of Warmaster Okawaru
  5058 | D:6      | Found an ornate altar of the Wu Jian Council.
  5332 | D:6      | Found a white marble altar of Elyvilon.
  5731 | D:6      | Found Gill's Magic Scroll Shoppe.
  5943 | D:7      | Noticed zeteo's ghost (novice TrFi)
  5943 | D:7      | Found a one-way gate to the infinite horrors of the Abyss.
  5958 | D:7      | Noticed an ancient zyme
  5975 | D:7      | Reached skill level 1 in Throwing
  6132 | D:7      | Noticed a worldbinder
  6161 | D:7      | Found a transporter.
  6215 | D:7      | Found a transporter.
  6365 | D:7      | Reached * piety under Okawaru
  6366 | D:7      | Reached XP level 10. HP: 76/79 MP: 8/10
  6426 | D:7      | Found a sacrificial altar of Ru.
  7592 | D:8      | Found a bloodstained altar of Trog.
  7600 | D:8      | Reached ** piety under Okawaru
  7604 | D:8      | Reached skill level 1 in Invocations
  7894 | D:9      | Noticed a soul eater
  7929 | D:8      | Gained mutation: You are clumsy. (Dex -2) [potion of
                  | mutation]
  7929 | D:8      | Gained mutation: You are weak. (Str -2) [potion of
                  | mutation]
  7929 | D:8      | Lost mutation: You are weak. (Str -2) [potion of mutation]
  7962 | D:8      | Slain by a soul eater

Illustrated notes

Levels and vault maps discovered:
D:1:      psy_arrival_basics, layout_loops_corners,
          kennysheep_decorative_pillar, minmay_lizard_king
D:2:      layout_rooms
D:3:      layout_loops_ring, nicolae_dithmenos_the_darkroom,
          mainiacjoe_overflow_cross_hatched, portal_sewer_entry_f
D:4:      layout_cave_pools, nicolae_qazlal_beasts_of_the_sky, minmay_pentangle,
          uniq_sigmund
D:5:      layout_basic, mumra_transporter_accident, uniq_ijyb, uniq_grinder,
          uniq_duvessa
D:6:      layout_loops_cross, nicolae_elyvilon_temple_path,
          pdpol_wu_jian_five_deadly_venoms, minmay_temple_entry_glass,
          serial_shops, shop
D:7:      layout_gridville, mainiacjoe_overflow_brackets,
          gammafunk_ghost_abyssal_escape, amcnicky_mini_pool_small,
          nicolae_concentric_dashed_squares_wild
D:8:      layout_basic, lightli_temple_of_fire
D:9:      layout_roguey, tso_metal_star, enter_bailey_3, serial_demonic,
          serial_demonic_f, serial_demonic_e, serial_demonic_d,
          serial_demonic_c, serial_demonic_e, serial_demonic_f
Temple:   cyrus_circular_temple

Skill      XL: |  1  2  3  4  5  6  7  8  9 10 |
---------------+-------------------------------+-----
Axes           | 3 4 5 6 8 9 |  9.4
Fighting       | 4 5 6 7 |  7.9
Armour         | 4 5 6 7 |  7.8
Shields        | 5 6 7 8 9 |  9.4
Throwing       | 1 3 |  3.3
Invocations    | 2 |  2.0

Action                     |  1- 3 |  4- 6 |  7- 9 | 10-12 || total
---------------------------+-------+-------+-------+-------++-------
  Melee: War axe           |    93 |   161 |   335 |   135 ||   724
   Fire: Sling             |       |    22 |       |       ||    22
  Throw: Dart              |       |     2 |    16 |     4 ||    22
         Javelin           |       |       |    15 |    12 ||    27
 Invoke: Heroism           |       |       |       |     1 ||     1
  Evoke: Wand              |       |       |       |     1 ||     1
    Use: Scroll            |       |     1 |     1 |     4 ||     6
         Potion            |       |     1 |     4 |     8 ||    13
 Armour: Scale mail        |    86 |    76 |       |       ||   162
         Chain mail        |       |    52 |   202 |       ||   254
         Plate armour      |       |       |    82 |    96 ||   178
         Skin              |       |       |       |    23 ||    23
  Dodge: Dodged            |    57 |    98 |   120 |    47 ||   322
  Block: Buckler           |    43 |    55 |    98 |    54 ||   250
